cohdb
Replays
Latest Replays
All Replays
Popular Replays
Top Player Replays
Match Explorer
How It Works
Community
CoH3 Stats
Reddit
Sign in to upload your games and track your stats! →
Sign in with Steam
Match 42451990
Unlisted
Match 42451990
Overview
Messages
Build Orders
End
Scout Squad
Construct Barracks
Selects Advanced Infantry Battlegroup
Riflemen Squad
Riflemen Squad
Grenade Package
Construct Weapon Support Center
Air Support Center
Engineer Squad
Selects Convert to Ranger Squad
Grasshopper Recon Run
Convert to Ranger Squad
Selects Frontline Medical Station
Frontline Medical Station
Grasshopper Recon Run
Double Sortie
P-47 Strafing Run
M3 Armored Personnel Carrier
Riflemen Squad
Selects Ranger Weapon Training
Grasshopper Recon Run
P-47 Strafing Run
Construct Tank Depot
M1919 Machine Gun Team
P-47 Dive Bomb
Grasshopper Recon Run
bloodstark
Philosophical
伊蕾娜
只因未来
[EASY] Lance
Moltke1871
jowonja
pedestraim
0
0
Comments
sign in to comment!
No comments posted yet!